 Dungeon Crawl Stone Soup version 0.22-a0-358-g7563fe7 (webtiles) character file.

41 GameOver the Conjurer (level 3, -2/28 HPs)
             Began as a Naga Wizard on Apr 18, 2018.
             Slain by an ogre
             ... wielding a +0 giant spiked club
              (30 damage)
             ... on level 2 of the Dungeon.
             The game lasted 00:04:57 (667 turns).

GameOver the Conjurer (Naga Wizard)                  Turns: 667, Time: 00:04:57

Health: -2/28      AC:  2    Str:  9    XL:     3   Next: 52%
Magic:  4/7        EV: 10    Int: 19    God:
Gold:   95         SH:  0    Dex:  9    Spells: 7/8 levels left

rFire    . . .     SeeInvis +   h - +1 mace
rCold    . . .     Gourm    .   (no shield)
rNeg     . . .     Faith    .   a - +0 robe
rPois    +         Spirit   .   b - +0 hat
rElec    .         Reflect  .   (no cloak)
rCorr    .         Harm     .   (no gloves)
MR       .....                  (no barding)
Stlth    ++........             (no amulet)
HPRegen  0.09/turn              (no ring)
MPRegen  0.10/turn              (no ring)

@: very slow
A: large, see invisible, deformed body, poison resistance, slowness 2, slow
metabolism 1, spit poison 1, AC +1
a: Spit Poison


You were on level 2 of the Dungeon.
You were not hungry.

You visited 1 branch of the dungeon, and saw 2 of its levels.

You collected 95 gold pieces.

Inventory:

Hand Weapons
 e - a +0 dagger
 h - a +1 mace (weapon)
Missiles
 j - 14 arrows
Armour
 a - a +0 robe (worn)
 b - a +0 hat (worn)
Jewellery
 o - an uncursed ring of magical power {unknown}
Scrolls
 c - a scroll of magic mapping {unknown}
 f - 2 scrolls of teleportation {unknown}
 g - 2 scrolls of identify {unknown}
 i - a scroll of enchant armour {unknown}
Potions
 l - a potion of experience {unknown}
 m - a potion of lignification {unknown}
 n - a potion of resistance {unknown}
Comestibles
 d - 3 rations
 r - a chunk of flesh


   Skills:
 - Level 1.5 Dodging
 - Level 3.0 Stealth
 - Level 3.0 Spellcasting
 * Level 3.3 Conjurations
   Level 1.0 Summonings
   Level 1.0 Translocations


You had 7 spell levels left.
You knew the following spells:

 Your Spells              Type           Power        Failure   Level  Hunger
a - Magic Dart            Conj           ###.         3%          1    None


Dungeon Overview and Level Annotations

Branches:
Dungeon (2/15)

Altars:


Innate Abilities, Weirdness & Mutations

You cannot wear boots.
Your serpentine skin is tough. (AC +1)
You have supernaturally acute eyesight. (SInv)
Armour fits poorly on your strangely shaped body.
Your system is resistant to poisons. (rPois)
You cover ground very slowly.
You have a slow metabolism.
You can spit poison.


Message History

Press: ? - help, Shift-Dir - straight line, f - ogre
Aim: an ogre, wielding a giant spiked club The splash of poison hits the ogre.
The ogre is moderately wounded.
You feel slightly more hungry.
Okay, then.
As you read the scroll labeled QARIUCUMUA, it crumbles to dust.
It is a scroll of amnesia.
Okay, then.
The ogre closely misses you.
Okay, then.
As you read the scroll labeled USCHAS DARO, it crumbles to dust.
You feel blessed for a moment.
It was a scroll of remove curse.
As you read the scroll labeled BAZ UHUIFADIO, it crumbles to dust.
It is a scroll of enchant weapon.
Your +0 mace glows red for a moment.
You have got your breath back.
The ogre hits you with a giant spiked club!!
Ouch! That really hurt!
You die...

......##.# .#.
#.....##.# ......
#...†<...# #...#
#........# #...#
.........######...#####.
#........#..............
........................
#........#.............#
.........####.#.@.#.#
#........# #.#.O.#.###
#.##....## #..........
#.......# #..........
####.#### #....)......
#.# #........... #.#
##.#.......# ..#
#.....##..# ## .##.###
..


You could see an ogre.

Vanquished Creatures
  An ooze (D:1)
  A dart slug (D:2)
  4 giant cockroaches
  12 goblins (D:1)
  3 hobgoblins (D:1)
  A quokka (D:2)
  3 bats
  3 frilled lizards (D:1)
  A kobold (D:2)
  2 rats
31 creatures vanquished.

Vanquished Creatures (others)
  5 toadstools (D:1)
5 creatures vanquished.

Grand Total: 36 creatures vanquished

Notes
Turn   | Place    | Note
-------+----------+-------------------------------------------
     0 | D:1      | GameOver the Naga Wizard began the quest for the Orb.
     0 | D:1      | Reached XP level 1. HP: 15/15 MP: 4/4
    67 | D:1      | Reached XP level 2. HP: 22/22 MP: 0/6
   185 | D:1      | Reached XP level 3. HP: 18/28 MP: 2/7
   660 | D:2      | Noticed an ogre
   667 | D:2      | Slain by an ogre

Vault maps used:
D:1:      ldierk_walled_garden, moated_statue
D:2:      first_ration, uniq_natasha

Skill      XL: |  1  2  3 |
---------------+----------+-----
Conjurations   | 2 3 |  3.3
Dodging        | |  1.5
Stealth        | |  3.0
Spellcasting   | |  3.0
Summonings     | |  1.0
Translocations | |  1.0

Action                   || total
-------------------------++-------
Melee: Dagger            ||     9
       Mace              ||     3
 Cast: Magic Dart        ||    41
 Abil: Spit Poison       ||    18
  Use: Scroll            ||     3
Armor: Robe              ||     4
Dodge: Dodged            ||    13

Table legend:
 A = Spawn XP
 B = Non-spawn XP
 C = Spawn XP percentage of total XP
 D = Spawn monster count
 E = Non-spawn monster count
 F = Spawn count percentage of total count
 G = Total turns spent on level
                    A         B        C        D         E        F      G
               +---------+---------+-------+---------+---------+-------+---------
         Total |       0 |      59 |   0.0 |       0 |      31 |   0.0 |   667
               +---------+---------+-------+---------+---------+-------+---------
           D:1 |       0 |      48 |   0.0 |       0 |      25 |   0.0 |   590
           D:2 |       0 |      11 |   0.0 |       0 |       6 |   0.0 |    77
               +---------+---------+-------+---------+---------+-------+---------
